 Dungeon Crawl Stone Soup version 0.27-a0-1184-ge86db4a01e (webtiles) character file.

Game seed: 17044866166988512492

1399 Gorglomux the Fighter (level 8, -9/72 HPs)
             Began as a Palentonga Fighter on May 18, 2021.
             Was an Initiate of Cheibriados.
             Mangled by an ogre
             ... wielding a +0 giant spiked club
              (21 damage)
             ... on level 6 of the Dungeon.
             The game lasted 00:13:17 (4699 turns).

Gorglomux the Fighter (Palentonga Fighter)          Turns: 4699, Time: 00:13:18

Health: -9/72      AC: 16    Str: 22    XL:     8   Next: 41%
Magic:  8/8        EV: 10    Int:  9    God:    Cheibriados [......]
Gold:   237        SH:  9    Dex: 12    Spells: 7/7 levels left

rFire    . . .     SeeInvis +   a - +0 long sword
rCold    . . .     Faith    .   c - +0 kite shield
rNeg     . . .     Spirit   .   h - +0 troll leather armour
rPois    .         Reflect  .   (no helmet)
rElec    .         Harm     .   (no cloak)
rCorr    .         Rampage  .   (no gloves)
Will     .....                  (no barding)
Stlth    +.........             (no amulet)
HPRegen  1.22/turn              o - +4 ring of evasion
MPRegen  0.11/turn              q - +4 ring of protection

@: curled up, very slow
A: large, rugged brown scales 3, see invisible, deformed body, roll 1, armoured
tail, reflexive curl
a: Rolling Charge, Renounce Religion, Bend Time


You were on level 6 of the Dungeon.
You worshipped Cheibriados.
Cheibriados was noncommittal.
You visited 2 branches of the dungeon, and saw 7 of its levels.
You also visited: Ossuary.

You collected 237 gold pieces.

Inventory:

Hand Weapons
 a - a +0 long sword (weapon)
Armour
 b - a +0 scale mail
 c - a +0 kite shield (worn)
 h - a +0 troll leather armour (worn)
Jewellery
 j - a ring of wizardry
 o - a +4 ring of evasion (left hand)
 q - a +4 ring of protection (right hand)
Wands
 V - a wand of flame (7)
Scrolls
 e - a scroll of enchant weapon {unknown}
 f - 2 scrolls of vulnerability {unknown}
 g - 2 scrolls of teleportation {unknown}
 i - a scroll of fog {unknown}
 m - a scroll of acquirement {unknown}
 n - a scroll of silence {unknown}
 p - a scroll of magic mapping {unknown}
 v - a scroll of enchant armour {unknown}
 y - a scroll of torment {unknown}
Potions
 d - a potion of might
 k - a potion of heal wounds {unknown}
 l - a potion of flight
 r - a potion of mutation {unknown}
 s - 2 potions of cancellation
 t - a potion of brilliance {unknown}
 w - a potion of haste {unknown}
 x - 3 potions of ambrosia
 Q - 4 potions of curing


   Skills:
 + Level 8.0 Fighting
 + Level 7.6 Long Blades
 - Level 2.4 Armour
 - Level 2.4 Shields


You had 7 spell levels left.
You didn't know any spells.
Your spell library contained the following spells:

 Spells                   Type           Power      Damage    Failure   Level
 Freeze                   Ice            0%         1d3       89%         1
 Frozen Ramparts          Ice            0%         1d2       99%         3
 Ozocubu's Armour         Ice            0%         N/A       99%         3
 Hailstorm                Conj/Ice       0%         3d3       100%        4
 Bolt of Magma            Conj/Fire/Erth 0%         4d4       100%        5
 Iskenderun's Battlesphe  Conj           0%         2d6       100%        5
 Metabolic Englaciation   Hex/Ice        0%         N/A       100%        5
 Iron Shot                Conj/Erth      0%         9d1       100%        6
 Orb of Destruction       Conj           0%         N/A       100%        7
 Spellforged Servitor     Conj/Summ      0%         N/A       100%        7


Dungeon Overview and Level Annotations

Branches:
Dungeon (6/15)             Temple (1/1) D:5         Ossuary (visited)

Altars:
Cheibriados
Elyvilon
Gozag
Hepliaklqana
Kikubaaqudgha
Makhleb
Okawaru
Trog
Uskayaw
Vehumet
Wu Jian
Xom
Yredelemnul
Zin

Shops:
D:2 !


Innate Abilities, Weirdness & Mutations

You are completely covered in rugged brown scales. (AC +3, +7% HP)
You have supernaturally acute eyesight. (SInv)
Armour fits poorly on your strangely shaped body.
You can roll at nearby foes to attack.
You have a long armoured tail.
You curl defensively after being hit.


Message History

The centaur zombie closely misses you.
The ogre hits you with a +0 giant spiked club!
The centaur zombie closely misses you. You block the centaur zombie's attack.
There is a stone staircase leading up, spattered with blood here.
You hit the ogre.
The ogre is lightly wounded.
The ogre misses you.
You riposte.
You barely miss the ogre.
The ogre is lightly wounded.
You block the centaur zombie's attack.
The centaur zombie kicks you but does no damage.
The centaur zombie hits you. The centaur zombie kicks you.
You hit the ogre.
The ogre is moderately wounded.
The ogre hits you with a +0 giant spiked club!!
The centaur zombie hits you but does no damage.
The centaur zombie kicks you but does no damage.
You hit the ogre but do no damage.
The ogre is moderately wounded.
The centaur zombie hits you but does no damage.
The centaur zombie kicks you but does no damage.
You block the ogre's attack.
You block the centaur zombie's attack. x2
You barely miss the ogre.
The ogre is moderately wounded.
The ogre hits you with a +0 giant spiked club.
The centaur zombie hits you but does no damage.
The centaur zombie barely misses you.
You slash the ogre!
You tail-slap the ogre, but do no damage.
The ogre is heavily wounded.
The centaur zombie barely misses you.
You riposte.
You slash the centaur zombie!
You destroy the centaur zombie!
Cheibriados thoroughly appreciates the change of pace.
The ogre barely misses you.
Your Fighting skill increases to level 8!
You closely miss the ogre. You tail-slap the ogre.
The ogre is severely wounded.
The ogre hits you with a +0 giant spiked club!
You hit the ogre.
The ogre is severely wounded.
The ogre hits you with a +0 giant spiked club!!
* * * LOW HITPOINT WARNING * * *
You hit the ogre.
The ogre is almost dead.
The ogre barely misses you.
You riposte.
You barely miss the ogre.
The ogre is almost dead.
You barely miss the ogre.
The ogre is almost dead.
The ogre hits you with a +0 giant spiked club!!
You die...

#.## #..# #..# #..#
#..# #######+..# ...
..........####### ....
#..#...O.>##....##....
....(..@..............
.....................
.....................
#.##.##...###..?##.# #
#. ###+# #...# .
.............<. .
............... ..
...............
...............


You could see an ogre.

Vanquished Creatures
  Grinder (D:5)
  3 ogres
  3 elf zombies (Ossuary)
  A water moccasin zombie (D:5)
  A scorpion (D:5)
  A howler monkey (D:5)
  3 centaur zombies
  A hound (D:5)
  2 human zombies (Ossuary)
  An orc priest (D:3)
  6 hound zombies
  3 mummies (Ossuary)
  10 adders
  4 gnolls
  A howler monkey skeleton (D:5)
  2 adder zombies
  2 adder skeletons (D:4)
  2 worms
  7 orcs
  9 ball pythons
  5 endoplasms
  3 giant cockroaches
  5 goblins
  3 hobgoblins
  7 jackals
  2 quokkas
  3 bats
  A frilled lizard (D:1)
  2 goblin zombies (Ossuary)
  3 hobgoblin zombies (Ossuary)
  5 jackal zombies (Ossuary)
  7 kobolds
  4 kobold zombies (Ossuary)
  An orc zombie (Ossuary)
  3 quokka zombies (Ossuary)
  4 rats
  2 rat zombies (Ossuary)
123 creatures vanquished.

Notes
Turn   | Place    | Note
-------+----------+-------------------------------------------
     0 | D:1      | Gorglomux the Palentonga Fighter began the quest for the
                  | Orb.
     0 | D:1      | Reached XP level 1. HP: 19/19 MP: 1/1
   111 | D:1      | Reached XP level 2. HP: 24/25 MP: 2/2
   767 | D:1      | Reached XP level 3. HP: 25/31 MP: 3/3
  1210 | D:2      | Found Bish's Distillery.
  1232 | D:2      | Reached skill level 3 in Long Blades
  1792 | D:3      | Reached skill level 4 in Fighting
  1851 | D:2      | Reached XP level 4. HP: 39/39 MP: 4/4
  1908 | D:3      | Found a burning altar of Makhleb.
  2064 | D:3      | Reached XP level 5. HP: 46/46 MP: 5/5
  2658 | D:4      | Noticed an ogre
  2661 | D:4      | Killed an ogre
  2662 | D:4      | Reached skill level 5 in Fighting
  2720 | D:4      | Reached XP level 6. HP: 51/54 MP: 6/6
  3063 | D:5      | Entered Level 5 of the Dungeon
  3254 | D:5      | Noticed Grinder
  3260 | D:5      | HP: 1/54 [orc/+0 trident (5)]
  3359 | D:5      | Paralysed by Grinder for 3 turns
  3365 | D:5      | Killed Grinder
  3366 | D:5      | Reached skill level 6 in Fighting
  3366 | D:5      | Reached skill level 6 in Long Blades
  3366 | D:5      | Gained mutation: You curl defensively after being hit.
                  | [Palentonga growth]
  3366 | D:5      | Reached XP level 7. HP: 62/63 MP: 7/7
  3469 | D:5      | Found a sand-covered staircase.
  3478 | Ossuary  | Entered an ossuary
  3603 | Ossuary  | Reached skill level 7 in Fighting
  3659 | Ossuary  | Reached XP level 8. HP: 71/71 MP: 8/8
  4074 | D:5      | Found a staircase to the Ecumenical Temple.
  4086 | Temple   | Entered the Ecumenical Temple
  4335 | Temple   | Became a worshipper of Cheibriados the Contemplative
  4696 | D:6      | Reached skill level 8 in Fighting
  4699 | D:6      | Mangled by an ogre

Illustrated notes

Levels and vault maps discovered:
D:1:      sevenhm_arrival_forest_fort_small_6, layout_basic
D:2:      layout_basic, serial_shops, shop_fountains, chequers_garden
D:3:      layout_basic, overflow_temple_1_default
D:4:      layout_loops_ring
D:5:      layout_basic, minmay_temple_entry_wispy,
          nicolae_ossuary_entry_monument, dk_noncrumbling_4, uniq_grinder
D:6:      layout_gridville, grunt_temple_overflow_open, minivault_11,
          minmay_ruffians
Temple:   nicolae_temple_figure_eight

Skill      XL: |  1  2  3  4  5  6  7  8 |
---------------+-------------------------+-----
Long Blades    | 3 4 6 7 |  7.6
Fighting       | 4 5 6 7 8 |  8.0
Armour         | |  2.4
Shields        | |  2.4

Action                   |  1- 3 |  4- 6 |  7- 9 || total
-------------------------+-------+-------+-------++-------
Melee: Long sword        |    89 |   144 |   195 ||   428
       Tailslap          |     6 |    21 |    40 ||    67
 Abil: Rolling Charge    |    16 |    26 |     5 ||    47
Evoke: Wand              |       |     3 |     1 ||     4
  Use: Scroll            |       |       |     6 ||     6
Armor: Scale mail        |    33 |       |       ||    33
       Troll leather arm |    20 |    44 |   118 ||   182
Dodge: Dodged            |    24 |    49 |   117 ||   190
Block: Kite shield       |    34 |    72 |    96 ||   202
       Rpst.: Long sword |     6 |    15 |    38 ||    59

Table legend: (Time is in decaauts)
 A = Elapsed time spent in this place.
 B = Non-inter-level travel time spent in this place.
 C = Inter-level travel time spent in this place.
 D = Time resting spent in this place.
 E = Time spent auto-exploring this place.
 F = Levels seen in this place.
 G = Mean time per level.
                   A        B        C        D        E       F      G
               +--------+--------+--------+--------+--------+-----+--------+
         Total |   4940 |   4685 |    255 |     32 |   3516 |   8 |  617.5 |
       Dungeon |   4273 |   4087 |    186 |     32 |   3213 |   6 |  712.2 |
        Temple |    272 |    204 |     68 |      0 |    200 |   1 |  272.0 |
       Ossuary |    394 |    394 |      0 |      0 |    103 |   1 |  394.0 |
               +--------+--------+--------+--------+--------+-----+--------+

Top non-repeatable levels by time:
     D:1: 1082 daAuts
     D:5: 1030 daAuts
     D:4: 754 daAuts
     D:2: 721 daAuts
     D:3: 647 daAuts
 Ossuary: 394 daAuts
  Temple: 272 daAuts
     D:6: 37 daAuts
